 Dungeon Crawl Stone Soup version 0.30.1-9-gdf580d7c3d (webtiles) character file.

Game seed: 5203657331085192638

19736 Danienth the Thaumaturge (level 12, 0/64 HPs)
             Began as a Spriggan Enchanter on Oct 13, 2023.
             Was an Elder of Ru.
             Slain by a death yak simulacrum (24 damage)
             ... in an ice cave.
             The game lasted 01:54:56 (15337 turns).

Danienth the Thaumaturge (Spriggan Enchanter)      Turns: 15337, Time: 01:54:57

Health: 0/64       AC:  8    Str:  6    XL:     12   Next: 39%
Magic:  24/27      EV: 21    Int: 22    God:    Ru [****..]
Gold:   525        SH:  0    Dex: 19    Spells: 0/38 levels left

rFire   . . .        D - +4 dagger (speed)
rCold   . . .        (shield unavailable)
rNeg    . . .        q - +4 troll leather armour {Pargi}
rPois   .            Q - melded +1 hat
rElec   .            (no cloak)
rCorr   .            (gloves unavailable)
SInv    +            (boots unavailable)
Will    ++...        B - amulet of regeneration
Stlth   +++          (ring unavailable)
HPRegen 1.90/turn    v - +6 ring of intelligence
MPRegen 0.20/turn

%: no passive effects
@: mighty, appendages, wereblooded, very quick
A: horns 2, talons 2, very small, no large weapons, unfitting armour, see
invisible, speed 3, low MP 1, missing a hand, inability to train armour, sense
surroundings 1
a: End Transformation, Renounce Religion, Sacrifice Artifice, Sacrifice Purity,
Sacrifice Stealth, Reject Sacrifices, Draw Out Power, Power Leap


You were in an ice cave.
You worshipped Ru.
Ru was greatly pleased with you.
You had temporarily grown beastly horns and talons.
You visited 1 branch of the dungeon, and saw 12 of its levels.
You also visited: Sewer, Bailey and Ice Cave.

You collected 926 gold pieces.
You spent 401 gold pieces at shops.

Inventory:

Hand Weapons
 a - a +3 dagger
 i - a +2 falchion of electrocution
 D - a +4 dagger of speed (weapon)
 G - the +6 mace of Hard Scrabble {antimagic, Fly}
   (You found it on level 7 of the Dungeon)

   Fly:       It grants you flight.
 S - a +3 scimitar of freezing
 T - a +3 eveningstar of flaming
 V - a +0 short sword of venom
 W - a +1 short sword of draining
Missiles
 m - 27 poisoned darts
 y - 10 boomerangs
 F - 7 curare-tipped darts
Armour
 b - a +1 robe
 q - a +4 troll leather armour (worn) {Pargi}
 Q - a +1 hat (melded)
Jewellery
 f - a ring of protection from fire
 s - a ring of wizardry
 u - a ring of ice
 v - a +6 ring of intelligence (right hand)
 B - an amulet of regeneration (around neck)
 C - a ring of fire
 O - a ring of protection from cold
 Z - a +6 ring of dexterity
Wands
 l - a wand of iceblast (7)
 n - a wand of charming (7)
 x - a wand of flame (16) (quivered)
 X - a wand of acid (5)
Scrolls
 d - 12 scrolls of teleportation
 g - 2 scrolls of fog
 w - 3 scrolls of fear
 z - 4 scrolls of noise {unknown}
 A - 7 scrolls of amnesia
 K - 2 scrolls of blinking
 M - a scroll of summoning
 N - a scroll of immolation {unknown}
 U - 3 scrolls of identify
Potions
 c - 4 potions of cancellation
 e - 3 potions of lignification
 h - 3 potions of berserk rage
 j - 3 potions of attraction
 k - 8 potions of curing
 o - 2 potions of heal wounds
 p - 3 potions of magic
 r - a potion of haste
 t - 2 potions of might
 E - 3 potions of mutation
 H - a potion of resistance
 I - a potion of invisibility
 J - 2 potions of flight {unknown}
Miscellaneous
 L - a piece from Xom's chessboard (15/15)
 Y - a phantom mirror


   Skills:
 * Level 8.1 Fighting
 - Level 10.0 Short Blades
 - Level 2.0 Throwing
 * Level 8.3 Dodging
 + Level 5.0 Stealth
 + Level 13.9 Spellcasting
 - Level 1.2 Conjurations
 - Level 5.2 Hexes
 - Level 1.0 Necromancy
 * Level 8.6 Transmutations
 - Level 1.0 Fire Magic
 - Level 1.0 Air Magic
 - Level 2.0 Earth Magic
 + Level 1.0 Poison Magic
 - Level 3.0 Evocations


You couldn't memorise any spells.
You knew the following spells:

 Your Spells              Type           Power      Damage    Failure   Level
a - Ensorcelled Hibernat  Hex/Ice        52%        N/A       3%          2
b - Sting                 Tmut/Pois      100%       1d8       1%          1
c - Tukima's Dance        Hex            38%        N/A       2%          3
d - Confusing Touch       Hex            38%        N/A       2%          3
e - Lee's Rapid Deconstr  Erth           12%        3d8*      58%         5
f - Wereblood             Tmut           52%        N/A       1%          2
g - Swiftness             Air            20%        N/A       12%         3
h - Beastly Appendage     Tmut           100%       N/A       1%          1
i - Poisonous Vapours     Pois/Air       40%        N/A       6%          2
j - Olgreb's Toxic Radia  Pois           20%        N/A       38%         4
k - Hailstorm             Conj/Ice       18%        3d6       14%         3
l - Fulminant Prism       Conj/Hex       14%        3d8       17%         4
m - Passwall              Tmut/Erth      31%        N/A       1%          2
n - Volatile Blastmotes   Fire/Tloc      34%        2d12      16%         3

Your spell library contained the following spells:

 Spells                   Type           Power      Damage    Failure   Level
 Spider Form              Tmut/Pois      36%        N/A       2%          3
 Shock                    Conj/Air       80%        1d8       4%          1
 Dazzling Flash           Conj/Hex       58%        N/A       4%          3
 Blade Hands              Tmut           26%        N/A       4%          5
 Ice Form                 Ice/Tmut       34%        N/A       11%         4
 Irradiate                Conj/Tmut      18%        3d17      22%         5
 Airstrike                Air            10%        2d(2-18)  38%         4
 Iskenderun's Mystic Bla  Conj/Tloc      18%        2d6       43%         4
 Summon Mana Viper        Hex/Summ       26%        N/A       52%         5
 Dragon Form              Tmut           26%        N/A       83%         7
 Summon Forest            Summ/Tloc      7%         N/A       87%         5
 Simulacrum               Ice/Necr       8%         N/A       100%        6
 Summon Cactus Giant      Summ           7%         N/A       100%        6


Dungeon Overview and Level Annotations

Branches:
Dungeon (12/15)            Temple (0/1) D:5            Lair (0/5) D:11
    Orc (0/2) D:11          Sewer (visited)          Bailey (visited)
  IceCv (1/1)

Altars:
Cheibriados
Dithmenos
Elyvilon
Fedhas
Gozag
Makhleb
Nemelex Xobeh
Okawaru
Qazlal
Ru
Vehumet
Wu Jian
Yredelemnul
Zin
The Shining One

Shops:
D:5 [([?[

Annotations:
D:3 exclusion: oklob plant


Innate Abilities, Weirdness & Mutations

You have temporarily grown beastly horns and talons.
You are very small and have problems with some larger weapons.
You are too small for most types of armour.
You have supernaturally acute eyesight. (SInv)
You cover ground extremely quickly. (Speed+++)
Your magical capacity is low. (-10% MP)
You are missing a hand.
You cannot train Armour skill.
You passively map a small area around you.


Message History

The cane toad simulacrum misses you.
The wolf simulacrum completely misses you.
The white imp gestures at you. The puff of frost hits you!
You focus your inner power and paralyse the white imp in retribution!
Aiming: Throw Flame
Press: ? - help, Q - select action, (/) - cycle Shift-Dir - straight line, f - naga simulacrum
Aim: a naga simulacrum (90% to hit)
The puff of flame hits the wolf simulacrum!
The wolf simulacrum melts!
The wolf simulacrum is heavily damaged.
The wolf simulacrum bites you but does no damage.
Aiming: Throw Flame
Press: ? - help, Q - select action, (/) - cycle Shift-Dir - straight line, f - polar bear simulacrum, p - naga simulacrum
Aim: a polar bear simulacrum (98% to hit)
The puff of flame hits the wolf simulacrum.
The wolf simulacrum melts!
The wolf simulacrum is severely damaged.
The wolf simulacrum is stunned by your conviction and fails to attack.
The wolf simulacrum barely misses you.
You completely miss the wolf simulacrum.
The wolf simulacrum is severely damaged.
You puncture the wolf simulacrum!
The wolf simulacrum vaporises!
The cane toad simulacrum misses you.
Casting: Fulminant Prism (dangerous; 17% risk of failure)
Confirm with . or Enter, or press ? or * to list all spells.
Your blood is infused with primal strength.
The cane toad simulacrum closely misses you.
Casting: Wereblood (safe; 1% risk of failure)
Confirm with . or Enter, or press ? or * to list all spells.
You grow a pair of large bovine horns.
Your feet morph into talons.
Your +1 hat melds into your body.
The death yak simulacrum gores you! The death yak simulacrum freezes you!!
The cane toad simulacrum hits you! The cane toad simulacrum freezes you!!
* * * LOW HITPOINT WARNING * * *
You feel much better.
The cane toad simulacrum barely misses you.
The death yak simulacrum gores you! The death yak simulacrum freezes you!!
You die...

, ,* *#.. , * #..# ,
##...# * #### #....##
##..## #### ......#
##....#####..####5....##
#.......##....##.......#
#.∩.∩.......#@ZZZ......#
#..........###ZZZ......#
##....##..## ###......##
##..###### ##.....# ####
......# #....## ##..##
*###


You could see a death yak simulacrum, a cane toad simulacrum, 2 polar bear
simulacra and 2 naga simulacra.

Vanquished Creatures
  Gastronok (D:10)
  A fire dragon (D:11)
  Erolcha (D:10)
  A boulder beetle (D:11)
  3 two-headed ogres
  The ghost of laqueoix the Cleaver, a novice HOFi of Beogh (D:8)
  Sonja (D:11)
  Lodul (D:11)
  A cyclops (D:12)
  A gargoyle (D:10)
  3 unseen horrors
  2 rime drakes (D:12)
  2 trolls (D:11)
  2 polar bears (D:8)
  Grinder (D:6)
  3 dream sheep (D:8)
  A slime creature (D:11)
  A vampire (D:11)
  A wyvern (D:11)
  3 shadows
  6 yaks
  4 vampire mosquitoes
  A death yak simulacrum (IceCv)
  2 steam dragons
  2 wargs (D:11)
  An acid dragon (D:12)
  3 water moccasins
  Duvessa (D:6)
  Pargi (Sewer)
  5 orc warriors
  2 ice beasts (D:7)
  9 ogres (D:11)
  2 black bears
  3 centaurs
  A phantom (D:4)
  3 kobold brigands
  A gnoll sergeant (D:11)
  4 bullfrogs
  A cane toad simulacrum (IceCv)
  5 scorpions
  12 wights
  Dowan (D:6)
  10 killer bees
  An elephant simulacrum (IceCv)
  2 electric eels (D:10)
  A howler monkey (D:11)
  3 jellies
  A wyvern simulacrum (D:8)
  4 hounds
  2 gnoll boudas
  11 orc priests
  A sleepcap (D:6)
  3 iguanas
  16 orc wizards
  Natasha (thrice) (D:2)
  2 wolf simulacra (IceCv)
  A killer bee simulacrum (D:8)
  13 gnolls
  9 adders
  2 naga simulacra (IceCv)
  4 white imps
  An ufetubus (D:8)
  5 worms
  7 dart slugs
  62 orcs
  8 bats
  8 endoplasms
  4 giant cockroaches
  3 goblins
  8 hobgoblins
  23 kobolds
  7 quokkas
  9 ball pythons
  2 frilled lizards (D:2)
  5 rats
342 creatures vanquished.

Vanquished Creatures (collateral kills)
  An orc warrior (Bailey)
  8 wights
  2 gnolls
  4 orcs
  2 kobolds
17 creatures vanquished.

Vanquished Creatures (others)
  Urug (D:10)
  7 dancing weapons
  A goblin (D:2)
  A fulminant prism (IceCv)
10 creatures vanquished.

Grand Total: 369 creatures vanquished

Notes
Turn   | Place    | Note
-------+----------+-------------------------------------------
     0 | D:1      | Danienth the Spriggan Enchanter began the quest for the
                  | Orb.
     0 | D:1      | Reached XP level 1. HP: 9/9 MP: 5/5
   192 | D:1      | Reached XP level 2. HP: 8/14 MP: 6/6
   263 | D:1      | Learned a level 2 spell: Ensorcelled Hibernation
   288 | D:1      | Reached skill level 3 in Spellcasting
   359 | D:1      | Reached skill level 1 in Fighting
   513 | D:1      | Reached XP level 3. HP: 18/18 MP: 8/8
   562 | D:1      | Learned a level 1 spell: Sting
   566 | D:1      | Learned a level 3 spell: Tukima's Dance
   796 | D:1      | Found a faded altar of an unknown god.
   958 | D:1      | Prayed at the altar of an unknown god.
   958 | D:1      | Became a worshipper of Ru the Awakened
   982 | D:1      | Gained mutation: You cannot train Armour skill. [Ru
                  | sacrifice]
   982 | D:1      | Reached * piety under Ru
  1419 | D:2      | Reached XP level 4. HP: 15/22 MP: 5/9
  1772 | D:2      | Noticed Natasha
  1779 | D:2      | Killed Natasha
  2022 | D:2      | Noticed Natasha
  2030 | D:2      | Killed Natasha
  2031 | D:2      | Reached XP level 5. HP: 26/26 MP: 6/11
  2087 | D:2      | Noticed Natasha
  2090 | D:2      | Killed Natasha
  2146 | D:3      | Reached skill level 4 in Spellcasting
  2329 | D:3      | Found an ornate altar of the Wu Jian Council.
  2751 | D:3      | Reached XP level 6. HP: 30/30 MP: 13/13
  3181 | D:3      | Found a blossoming altar of Fedhas.
  3193 | D:3      | Noticed an oklob plant
  3374 | D:3      | You fall into a shaft and drop 3 floors!
  3385 | D:6      | Noticed Duvessa
  3385 | D:6      | Noticed Dowan
  3385 | D:6      | Noticed a water moccasin
  3444 | D:6      | Killed Duvessa
  3471 | D:6      | Killed Dowan
  3472 | D:6      | Reached skill level 5 in Short Blades
  3472 | D:6      | Reached skill level 5 in Spellcasting
  3665 | D:6      | Reached XP level 7. HP: 35/35 MP: 14/16
  3772 | D:6      | Noticed Grinder
  3803 | D:6      | Paralysed by Grinder for 2 turns
  3817 | D:6      | Killed Grinder
  3818 | D:6      | Reached skill level 6 in Spellcasting
  3889 | D:6      | Gained mutation: You are missing a hand. [Ru sacrifice]
  3889 | D:6      | Reached ** piety under Ru
  3889 | D:6      | Reached *** piety under Ru
  3889 | D:6      | Reached **** piety under Ru
  3903 | D:6      | Found a stormy altar of Qazlal.
  4083 | D:5      | Entered Level 5 of the Dungeon
  4083 | D:5      | Found Pexoh's Weapon Emporium.
  4098 | D:5      | Found Saff's Armour Emporium.
  4107 | D:5      | Found a transporter.
  4107 | D:5      | Found Xapoqiohept's Armour Boutique.
  4202 | D:5      | Found Loeggucsi's Magic Scroll Shoppe.
  4378 | D:5      | Reached XP level 8. HP: 40/40 MP: 13/18
  4452 | D:5      | Found a staircase to the Ecumenical Temple.
  4774 | D:5      | Found a transporter.
  4775 | D:5      | Found a radiant altar of Vehumet.
  4794 | D:5      | Found a glowing drain.
  4833 | Sewer    | Entered a sewer
  4943 | Sewer    | Noticed Pargi
  4945 | Sewer    | Killed Pargi
  5097 | D:5      | Found Jual's Armour Emporium.
  5798 | D:4      | Found a shadowy altar of Dithmenos.
  5805 | D:4      | Found a snail-covered altar of Cheibriados.
  5811 | D:4      | Found an opulent altar of Gozag.
  5817 | D:4      | Found a basalt altar of Yredelemnul.
  5819 | D:4      | Found a burning altar of Makhleb.
  5820 | D:4      | Found a glowing golden altar of the Shining One.
  5822 | D:4      | Found a sparkling altar of Nemelex Xobeh.
  6177 | D:4      | Found a sacrificial altar of Ru.
  7189 | D:6      | Found an iron altar of Okawaru.
  8025 | D:7      | Reached XP level 9. HP: 46/46 MP: 19/19
  8064 | D:7      | Reached skill level 5 in Fighting
  8127 | D:7      | Reached skill level 5 in Hexes
  8674 | D:7      | Found a white marble altar of Elyvilon.
  8675 | D:7      | Identified the +10 short sword "Ogeroudd" {freeze, Fly}
  8694 | D:7      | Reached skill level 10 in Short Blades
  8758 | D:7      | Learned a level 3 spell: Confusing Touch
  8764 | D:7      | Learned a level 5 spell: Lee's Rapid Deconstruction
  8767 | D:7      | Learned a level 2 spell: Wereblood
  8771 | D:7      | Learned a level 3 spell: Swiftness
  8773 | D:7      | Learned a level 1 spell: Beastly Appendage
  9028 | D:7      | Identified the +6 mace of Hard Scrabble {antimagic, Fly}
  9183 | D:7      | Reached skill level 7 in Spellcasting
  9183 | D:7      | Reached skill level 1 in Transmutations
  9480 | D:8      | Noticed a polar bear
  9484 | D:8      | Noticed a polar bear
  9519 | D:8      | Killed a polar bear
  9544 | D:8      | Killed a polar bear
  9545 | D:8      | Reached skill level 1 in Earth Magic
  9586 | D:8      | Found a flagged portal.
  9618 | Bailey   | Entered a bailey
 10082 | D:8      | Reached skill level 8 in Spellcasting
 10094 | D:8      | Reached XP level 10. HP: 53/53 MP: 19/23
 10783 | D:8      | Found a runed translucent door.
 10783 | D:8      | Noticed laqueoix's ghost (novice HOFi)
 10805 | D:8      | Gained mutation: Your magical capacity is low. (-10% MP)
                  | [Ru sacrifice]
 10977 | D:9      | Noticed a two-headed ogre
 10991 | D:9      | Reached skill level 5 in Dodging
 10991 | D:9      | Reached skill level 9 in Spellcasting
 10993 | D:9      | Killed a two-headed ogre
 10994 | D:9      | Reached skill level 5 in Transmutations
 11343 | D:9      | Reached skill level 10 in Spellcasting
 11859 | D:10     | Entered Level 10 of the Dungeon
 11979 | D:10     | Gained mutation: You passively map a small area around you.
                  | [potion of mutation]
 12029 | D:10     | Noticed Erolcha
 12053 | D:10     | Killed Erolcha
 12054 | D:10     | Reached XP level 11. HP: 58/58 MP: 16/24
 12213 | D:10     | Reached skill level 11 in Spellcasting
 12256 | D:10     | Noticed Gastronok
 12463 | D:10     | Killed Gastronok
 12464 | D:10     | Reached skill level 1 in Evocations
 13076 | D:11     | Noticed Sonja
 13079 | D:11     | Noticed Urug
 13101 | D:10     | Killed Urug
 13174 | D:11     | Reached skill level 1 in Conjurations
 13401 | D:11     | Reached skill level 1 in Fire Magic
 13503 | D:11     | Killed Sonja
 13504 | D:11     | Reached skill level 1 in Necromancy
 13504 | D:11     | Reached skill level 1 in Air Magic
 13507 | D:11     | Learned a level 2 spell: Poisonous Vapours
 13512 | D:11     | Learned a level 4 spell: Olgreb's Toxic Radiance
 13516 | D:11     | Learned a level 3 spell: Hailstorm
 13521 | D:11     | Learned a level 4 spell: Fulminant Prism
 13546 | D:11     | Found Zin's Purification Station.
 13546 | D:11     | Found a glowing silver altar of Zin.
 13554 | D:11     | Bought a potion of curing for 90 gold pieces
 13591 | D:11     | Noticed Lodul
 13592 | D:11     | Noticed a fire dragon
 13611 | D:11     | Killed Lodul
 13619 | D:11     | Reached skill level 12 in Spellcasting
 13623 | D:11     | Reached skill level 1 in Throwing
 13641 | D:11     | Killed a fire dragon
 13745 | D:11     | Noticed a boulder beetle
 13806 | D:11     | Killed a boulder beetle
 13807 | D:11     | Reached XP level 12. HP: 52/64 MP: 12/26
 13879 | D:11     | Reached skill level 13 in Spellcasting
 14011 | D:11     | Found a staircase to the Lair.
 14116 | D:11     | Found a staircase to the Orcish Mines.
 14120 | D:11     | Noticed a two-headed ogre
 14130 | D:11     | Killed a two-headed ogre
 14225 | D:11     | Noticed a two-headed ogre
 14232 | D:11     | Killed a two-headed ogre
 14236 | D:11     | Learned a level 2 spell: Passwall
 14752 | D:5      | Bought a scroll of amnesia for 52 gold pieces
 14752 | D:5      | Bought a scroll of magic mapping for 97 gold pieces
 14752 | D:5      | Bought a scroll of identify for 26 gold pieces
 14752 | D:5      | Bought a scroll of teleportation for 39 gold pieces
 14752 | D:5      | Bought a scroll of blinking for 97 gold pieces
 14919 | D:8      | Killed laqueoix's ghost
 15222 | D:12     | Reached skill level 1 in Poison Magic
 15237 | D:12     | Reached skill level 5 in Stealth
 15240 | D:12     | Found a frozen archway.
 15254 | IceCv    | Entered an ice cave
 15282 | IceCv    | Learned a level 3 spell: Volatile Blastmotes
 15337 | IceCv    | Slain by a death yak simulacrum

Illustrated notes

Levels and vault maps discovered:
D:1:      sevenhm_arrival_forest_fort_small_6, layout_loops_cross,
          chequers_ecumenical_altar_simple_redux, serial_glass, glass_columns_b,
          glass_columns_a, glass_columns_a, glass_columns_a, glass_columns_c,
          glass_columns_b, due_unseen_surprise, minmay_strange_pillars,
          minmay_misc_feat_tower, st_stairs_11
D:2:      layout_rooms, uniq_natasha
D:3:      layout_loops_ring, tgw_fedhas, nicolae_wu_jian_immortal_techniques,
          kennysheep_generic_room_8
D:4:      layout_loops_corners, grunt_dithmenos_smoke, minitemple,
          mainiacjoe_overflow_six_doors_small
D:5:      layout_basic, mainiacjoe_overflow_tiny_flanked,
          minmay_temple_entry_junction, serial_shops, nicolae_square_shop,
          nicolae_shop_just_a_little_nook, shop, nicolae_shop_drivethru,
          nicolae_shop_peninsula, cheibrodos_sewer_entry_sluice,
          roderic_roman_lattice, minmay_pentangle
D:6:      layout_loops_corners, lemuel_doored_altar, kennysheep_mini_moat,
          uniq_grinder, uniq_duvessa
D:7:      layout_gridville, lemuel_tele_altar
D:8:      layout_loops_corners, serial_ice, serial_ice_d, serial_ice_e,
          serial_ice_i, serial_ice_f, gammafunk_ghost_grave, enter_bailey_2,
          dreamdust_gnoll_shepherd
D:9:      layout_cave_pools
D:10:     layout_basic, serial_bayou, serial_bayou_pond_a, serial_bayou_ford_a,
          serial_bayou_pond_a, serial_bayou_pond_e, dk_noncrumbling_2,
          uniq_erolcha, uniq_gastronok
D:11:     minmay_opposing_rooms, layout_rooms, erik_lair_orcish_takeover,
          zin_purify, uniq_sonja, uniq_urug, uniq_lodul
D:12:     nzn_winding_woodlands_small
          [nzn_winding_woodlands_5x15_river_crossing,
          nzn_winding_woodlands_center_diamonds,
          nzn_winding_woodlands_5x15_sidewinder], layout_cave_pools,
          portal_ice_cave_rime
IceCv:    ice_cave_small_necro

Skill      XL: |  1  2  3  4  5  6  7  8  9 10 11 12 |
---------------+-------------------------------------+-----
Dodging        | 3 4 6 8 |  8.3
Spellcasting   | 3 4 5 6 8 10 12 13 | 13.9
Fighting       | 1 2 3 4 5 6 7 8 |  8.1
Short Blades   | 2 3 4 5 6 9 10 | 10.0
Hexes          | 4 5 |  5.2
Transmutations | 3 6 8 |  8.6
Earth Magic    | 1 2 |  2.0
Evocations     | 3 |  3.0
Conjurations   | 1 |  1.2
Fire Magic     | 1 |  1.0
Necromancy     | 1 |  1.0
Air Magic      | 1 |  1.0
Throwing       | 1 2 |  2.0
Poison Magic   | 1 |  1.0
Stealth        | 5 |  5.0

Action                     |  1- 3 |  4- 6 |  7- 9 | 10-12 || total
---------------------------+-------+-------+-------+-------++-------
  Melee: Dagger            |    77 |   105 |   439 |   620 ||  1241
         Punch             |     1 |       |     1 |       ||     2
         Kick              |       |       |    16 |   114 ||   130
         Headbutt          |       |       |    13 |    70 ||    83
  Throw: Dart              |       |       |    17 |    40 ||    57
   Cast: Ensorcelled Hiber |    17 |    26 |   102 |    51 ||   196
         Sting             |     1 |     9 |    36 |    19 ||    65
         Tukima's Dance    |       |     2 |    24 |    23 ||    49
         Wereblood         |       |       |     4 |    14 ||    18
         Beastly Appendage |       |       |     3 |    13 ||    16
         Confusing Touch   |       |       |     2 |     1 ||     3
         Hailstorm         |       |       |       |     1 ||     1
         Passwall          |       |       |       |     7 ||     7
         Fulminant Prism   |       |       |       |     1 ||     1
 Invoke: Sacrifice Durabil |     1 |       |       |       ||     1
         Draw Out Power    |       |       |     1 |       ||     1
         Sacrifice a Hand  |       |       |     1 |       ||     1
         Reject Sacrifices |       |       |     1 |       ||     1
         Sacrifice Essence |       |       |       |     1 ||     1
  Evoke: Wand              |       |       |       |    23 ||    23
    Use: Potion            |     1 |     3 |     1 |    20 ||    25
         Scroll            |     1 |     5 |    22 |     3 ||    31
   Stab: Sleeping          |    18 |    30 |    75 |    34 ||   157
         Invisible         |     2 |     2 |     1 |     7 ||    12
         Distracted        |       |       |     4 |     5 ||     9
         Confused          |       |       |     1 |     2 ||     3
 Armour: Robe              |     4 |     8 |    15 |       ||    27
         Skin              |       |       |     4 |       ||     4
         Troll leather arm |       |       |    28 |    31 ||    59
  Dodge: Dodged            |    47 |    57 |   200 |   319 ||   623
